← All builds
Geo / Armada / Economy first / OBSERVED BUILD

Standard geo

Standard Geo economy-first play: geothermal by 3:26, T2 constructor by 4:55, advanced geothermal and vehicle plant around 7:07, transitioning into Starlight and T1 vehicles for front while supplying allies with cons and Lazarus.

Usually blows up the commander for T2 (66%)

#eco #t2 · 660 distinct matches · 107 players · 58% of Armada Geo games · team won 55% of 745 · Recently observed

HOW TO PLAY IT

Key timing: Geothermal Powerplant by 3:26

  1. Open mex and wind into Bot Lab.
  2. Rush geothermal for the early energy spike.
  3. Add Advanced Metal Extractor, then Advanced Geothermal by 7:07.
  4. Bring up Vehicle Plant alongside T2 con for "Starlight" and vehicles.
  5. Funnel "Starlight" and T1 vehicles to front, pay allies with cons and "Lazarus".

Phase by phase

TYPICAL OF ITS 660 GAMES
  1. 1
  2. 2
  3. 3
  4. 4
PLAY THE OPENING

Follow the example game's first 6:00 step by step: what to build now, what comes next, and where it goes. At 1× it keeps pace with your own game.

  1. 1

    Up to the Bot Lab

    Economy
    • Metal Extractor2Mex
    • Wind Turbine4Wind
    Order
    1. Bot LabBot Lab after 2 mex, 4 winddone ~1:12, middle half 0:58–1:22

    By 0:55 in all: 2 mex · 4 wind

    The example game in this phase · 4 steps
    1. Mex ×2
    2. Wind ×4
    3. Solar
    4. Bot LabBot Labdone 1:04 · typical 1:12
  2. 2

    Bot Lab to 5:00

    Economy
    • Metal Extractor2Mex
    • Wind Turbine3Wind
    • Energy Converter8Converter
    • Energy Storage1Energy storage
    Order
    1. Geothermal PowerplantGeo after 4 mex, 5 wind, 1 energy storage
    Builders
    • Construction Turret5 Con turret
    • Lazarus4 Lazarus
    • Construction Bot2 Con bot
    • Construction Bot1 Con bot for allies
    • Lazarus1 Lazarus for allies

    By 5:00 in all: 4 mex · 6 wind · 1 geo · 8 converter · 1 energy storage · 5 con turret

    The example game in this phase · 23 steps
    1. TickTick ×4
    2. Construction BotCon botfor Beach sea
    3. LazarusLazarus ×2
    4. Mex ×2
    5. LazarusLazarusfor Beach sea
    6. LazarusLazarus
    7. Construction BotCon botfor Pond
    8. LazarusLazarus
    9. Construction BotCon bot
    10. Con turret
    11. LazarusLazarus
    12. Energy storage
    13. Geothermal PowerplantGeodone 3:26 · typical 3:26
    14. Con turret
    15. Converter ×3
    16. Con turret
    17. Converter ×5
    18. Wind ×3
    19. BeaverBeaver
    20. Wind ×3
    21. Advanced Metal ExtractorT2 mexdone 5:17 · typical 5:34
    22. GroundhogGroundhog
    23. Wind
  3. 3

    5:00 to Vehicle Plant

    Order
    1. Advanced Geothermal PowerplantAdvanced Geothermal Powerplant after 8 wind, 10 converter, 6 con turretin 61% of games
    2. Vehicle PlantVehicle Plant after 9 wind, 10 converter, 6 con turretdone ~7:07, middle half 6:43–7:41
    Builders
    • Construction Turret1 Con turret

    Some games also: converter (49%) · wind (47%)

    By 7:00 in all: 4 mex · 10 wind · 1 geo · 1 Advanced Geothermal Powerplant · 11 converter · 1 energy storage

    The example game in this phase · 1 step
    1. Vehicle PlantVehicle Plantdone 4:31 · typical 7:07
  4. 4

    Vehicle Plant to 10:00

    Economy
    • Wind Turbine5Wind
    • Energy Converter3Converter
    Order
    1. Advanced Vehicle PlantAdvanced Vehicle Plant after 11 wind, 12 converter, 7 con turretin 80% of games
    Builders
    • Construction Turret1 Con turret
    • Construction Vehicle1 Con vehicle
    Army
    • Starlight2 Starlight
    • Umbra1 Jammer
    • Prophet1 Radar vehicle

    Some games also: T2 con vehicle for allies (48%) · Jaguar (31%)

    By 10:00 in all: 4 mex · 19 wind · 1 geo · 1 Advanced Geothermal Powerplant · 16 converter · 1 energy storage

    The example game in this phase · 153 steps
    1. Wind ×2
    2. Advanced Metal ExtractorT2 mex
    3. Wind
    4. PrudePrudedone 6:57
    5. Light MineLight Mine
    6. Wind
    7. Light MineLight Mine ×2
    8. Con turret
    9. Advanced Metal ExtractorT2 mex
    10. Light MineLight Mine
    11. Wind
    12. Light MineLight Mine ×2
    13. Wind
    14. Light MineLight Mine
    15. Wind
    16. Light MineLight Mine
    17. Radar TowerRadar Tower
    18. Light MineLight Mine ×3
    19. Advanced Metal ExtractorT2 mex
    20. Wind
    21. Medium MineMedium Mine
    22. Wind
    23. Medium MineMedium Mine
    24. Con turret
    25. Medium MineMedium Mine
    26. Con turret
    27. Wind
    28. Medium MineMedium Mine
    29. Advanced Vehicle PlantAdvanced Vehicle Plantdone 7:57 · typical 8:09
    30. BeholderBeholder
    31. Medium MineMedium Mine
    32. Wind
    33. Medium MineMedium Mine
    34. BeholderBeholder
    35. SentrySentry
    36. Medium MineMedium Mine ×2
    37. Converter
    38. Medium MineMedium Mine
    39. Advanced Construction VehicleT2 con vehiclefor Front
    40. Converter
    41. Wind
    42. Medium MineMedium Mine ×2
    43. GremlinStealth tank
    44. Wind
    45. Converter
    46. GremlinStealth tank
    47. Wind
    48. Converter
    49. Medium MineMedium Mine
    50. GremlinStealth tank
    51. Wind
    52. Converter
    53. Medium MineMedium Mine
    54. GremlinStealth tank
    55. Converter
    56. ConsulConsul
    57. Medium MineMedium Mine
    58. Wind
    59. ProphetRadar vehicle
    60. Wind
    61. Medium MineMedium Mine
    62. Wind
    63. UmbraJammer
    64. Wind ×3
    65. StarlightStarlightdone 9:37 · typical 9:06
    66. Wind
    67. Medium MineMedium Mine
    68. Wind ×2
    69. Medium MineMedium Mine
    70. Wind
    71. BeholderBeholder
    72. Wind ×2
    73. Medium MineMedium Mine
    74. Wind ×2
    75. Medium MineMedium Mine
    76. Wind ×3
    77. Medium MineMedium Mine
    78. StarlightStarlight
    79. JunoJuno
    80. Medium MineMedium Mine
    81. Wind
    82. Medium MineMedium Mine
    83. BeholderBeholder
    84. Wind
    85. Medium MineMedium Mine
    86. Wind
    87. StarlightStarlight
    88. Medium MineMedium Mine
    89. Wind ×2
    90. Medium MineMedium Mine ×2
    91. Wind ×2
    92. Medium MineMedium Mine
    93. Wind ×2
    94. Medium MineMedium Mine
    95. Wind
    96. Naval Radar / Sonar TowerNaval Radar / Sonar Tower
    97. Wind
    98. Medium MineMedium Mine
    99. Wind ×2
    100. Medium MineMedium Mine
    101. StarlightStarlight
    102. Wind ×2
    103. Medium MineMedium Mine
    104. Wind ×7
    105. StarlightStarlight
    106. Wind ×8
    107. Medium MineMedium Mine
    108. Wind ×2
    109. Medium MineMedium Mine
    110. Wind ×2
    111. Medium MineMedium Mine
    112. Wind ×2
    113. Medium MineMedium Mine
    114. Wind ×2
    115. Medium MineMedium Mine
    116. Wind ×2
    117. Medium MineMedium Mine
    118. Wind ×2
    119. JaguarJaguar
    120. Wind
    121. Medium MineMedium Mine
    122. Wind
    123. JaguarJaguar
    124. Wind
    125. Medium MineMedium Mine
    126. Wind
    127. Medium MineMedium Mine
    128. Wind ×2
    129. Medium MineMedium Mine
    130. JaguarJaguar
    131. Wind
    132. Medium MineMedium Mine
    133. Wind
    134. JaguarJaguar
    135. Medium MineMedium Mine
    136. Wind ×2
    137. Medium MineMedium Mine
    138. JaguarJaguar
    139. Wind
    140. Medium MineMedium Mine
    141. Wind
    142. Medium MineMedium Mine
    143. Wind
    144. Medium MineMedium Mine
    145. Wind
    146. JaguarJaguar
    147. Medium MineMedium Mine
    148. Wind
    149. Medium MineMedium Mine
    150. Wind
    151. JaguarJaguar
    152. Wind
    153. Medium MineMedium Mine

Counts are medians over the build's games: half of them build more, half fewer. The example game is 0neTw0's (41 OS, 13/09/2026); pick another.

Team trades

IN AT LEAST 30% OF ITS GAMES

You hand over

  • Lazarus1 Lazarus to Beach seafirst at 2:16 · in 78% of games
  • Construction Bot1 Con bot to Beach seafirst at 2:31 · in 88% of games
  • Advanced Construction Vehicle1 T2 con vehicle to Suicide front or Frontfirst at 8:52 · in 61% of games

You get

  • Hercules1 Light transport from Airfirst at 4:19 · in 35% of games
  • Advanced Construction Bot1 T2 con bot from Techfirst at 4:48 · in 95% of games

How it plays out

Typical game of this build, running totals by minute

Metal produced

020k40k
0:005:0010:0015:00

metal

Enemy metal destroyed

05k10k15k
0:005:0010:0015:00

metal

Own metal lost

02.5k5k7.5k
0:005:0010:0015:00

metal

745 games.

Show as table
ByMetal produced: This buildEnemy metal destroyed: This buildOwn metal lost: This build
1:0033300
2:0082500
3:00152300
4:00270000
5:00372600
6:00572900
7:00813000
8:0011459021
9:001448951130
10:0017405565280
11:00203772074790
12:002330539401940
13:002606259613304
14:002898883214785
15:0031497101726196
WHAT THE NUMBERS SAY

Standard Geo build dominates the resource numbers, with zero own losses through 10:00 and a huge metal lead by 15:00.

  • + Metal produced hits 31426 by 15:00, highest of all six builds
  • + Own metal lost is 0 by 5:00 and only 334 by 10:00
  • − First Starlight only arrives in 57% of games by 9:19
  • − Advanced geothermal lands in just 69% of games by 7:16
THE EXAMPLE YOU ARE READING

0neTw0

40.9 OS · 13/09/2026

Open source match ↗

1 received units · includes a constructor
130 metal received · 113969 energy received

Allied construction assistance is unknown. Timings are observations, not a promise of solo reproducibility.

Typical milestones

Bot Lab1:12Middle 50%: 0:58–1:22 · n=744
Geothermal Powerplant3:26Middle 50%: 3:10–3:42 · n=743
Advanced Metal Extractor5:34Middle 50%: 5:19–5:56 · n=742
Advanced Geothermal Powerplant7:06Middle 50%: 6:49–7:34 · n=552
Vehicle Plant7:07Middle 50%: 6:43–7:41 · n=705
Advanced Vehicle Plant8:09Middle 50%: 7:41–8:54 · n=669
Starlight9:06Middle 50%: 8:32–9:53 · n=583

Played most by

zeus_on_god76games of this build0neTw074games of this buildViltrum53games of this buildDamsko35games of this buildXad35games of this build